 Dungeon Crawl Stone Soup version 0.22.1-1-ga44c0e5 (webtiles) character file.

417 Monsterracer the Charlatan (level 6, -4/47 HPs)
             Began as a Gnoll Artificer on Oct 11, 2018.
             Was a Believer of Kikubaaqudgha.
             Killed themself with a badly aimed iceblast (19 damage)
             ... on level 3 of the Dungeon on Oct 13, 2018.
             The game lasted 00:06:27 (3439 turns).

Monsterracer the Charlatan (Gnoll Artificer)        Turns: 3439, Time: 00:06:28

Health: -4/47      AC:  6    Str: 14    XL:     6   Next: 92%
Magic:  11/11      EV: 13    Int: 15    God:    Kikubaaqudgha [**....]
Gold:   180        SH:  0    Dex: 16    Spells: 5/9 levels left

rFire    . . .     SeeInvis .   a - +2 flail (holy)
rCold    + . .     Gourm    .   (no shield)
rNeg     . . .     Faith    .   s - +1 ring mail {rC+}
rPois    .         Spirit   .   (no helmet)
rElec    .         Reflect  .   (no cloak)
rCorr    .         Harm     .   (no gloves)
MR       .....                  (no boots)
Stlth    ++........             t - amulet of magic regeneration
HPRegen  0.15/turn              (no ring)
MPRegen  0.37/turn              (no ring)

@: no status effects
A: distributed training, fangs 1, strong nose
a: Receive Corpses, Renounce Religion


You were on level 3 of the Dungeon.
You worshipped Kikubaaqudgha.
Kikubaaqudgha was pleased with you.
You were not hungry.

You visited 1 branch of the dungeon, and saw 4 of its levels.

You collected 180 gold pieces.

Inventory:

Hand Weapons
 a - a +2 flail of holy wrath (weapon)
 b - a +0 dagger of venom
Armour
 s - a +1 ring mail of cold resistance (worn)
Jewellery
 t - an amulet of magic regeneration (around neck)
Wands
 d - a wand of enslavement (15)
 e - a wand of random effects (13)
 f - a wand of flame (15)
Scrolls
 g - 3 scrolls of identify
 h - a scroll of remove curse
Potions
 i - a potion of brilliance
 j - a potion of flight
 n - a potion of heal wounds
 q - a potion of curing
Comestibles
 c - 8 rations
 k - a chunk of flesh


   Skills:
 + Level 3.3 Fighting
 + Level 3.3 Short Blades
 + Level 2.1 Long Blades
 + Level 2.1 Axes
 + Level 2.1 Maces & Flails
 + Level 2.1 Polearms
 + Level 2.1 Staves
 + Level 2.1 Slings
 + Level 2.1 Bows
 + Level 2.1 Crossbows
 + Level 2.1 Throwing
 + Level 2.1 Armour
 + Level 5.0 Dodging
 + Level 3.2 Stealth
 + Level 2.1 Shields
 + Level 2.1 Unarmed Combat
 + Level 2.1 Spellcasting
 + Level 1.7 Conjurations
 + Level 1.7 Hexes
 + Level 1.7 Charms
 + Level 1.7 Summonings
 + Level 1.7 Necromancy
 + Level 1.7 Translocations
 + Level 1.7 Transmutations
 + Level 1.7 Fire Magic
 + Level 1.7 Ice Magic
 + Level 1.7 Air Magic
 + Level 1.7 Earth Magic
 + Level 1.7 Poison Magic
 + Level 2.3 Invocations
 + Level 6.9 Evocations


You had 5 spell levels left.
You knew the following spells:

 Your Spells              Type           Power        Failure   Level  Hunger
a - Pain                  Necr           #...         22%         1    #......
j - Regeneration          Chrm/Necr      #.........   54%         3    ###....

Your spell library contained the following spells:

 Spells                   Type           Power        Failure   Level  Hunger
 Corpse Rot               Necr           N/A          32%         2    ###....
 Sublimation of Blood     Necr           #.........   32%         2    ###....


Dungeon Overview and Level Annotations

Branches:
Dungeon (4/15)
 Temple: D:4-7

Altars:
Cheibriados
Dithmenos
Elyvilon
Fedhas
Kikubaaqudgha
Okawaru
Sif Muna
Trog
Yredelemnul
Zin


Innate Abilities, Weirdness & Mutations

Your experience applies equally to all skills.
You have very sharp teeth.
Your uncanny sense of smell can sniff out nearby items.


Message History

The wight hits you from afar with an enchanted spear!
You feel drained. The wight hits you but does no damage.
Blork the orc looks satisfied for a moment.
The water moccasin bites you.
You take 14 damage, and have 27/41 hp.
MASSIVE DAMAGE!!
The water moccasin bites you but does no damage.
There is a stone staircase leading up here.
The water moccasin misses you.
Blork the orc hits you but does no damage.
The wight hits you from afar with an enchanted spear.
You feel drained.
The water moccasin bites you but does no damage.
You climb upwards.
There is a stone staircase leading down here.
You take 1 damage, and have 27/41 hp.
Blork the orc gestures at you while chanting.
The puff of frost misses you.
Blork the orc hits you but does no damage.
The water moccasin closely misses you. Blork the orc misses you.
The water moccasin misses you. The water moccasin bites you!
* * * LOW HITPOINT WARNING * * *
You are poisoned.
The water moccasin poisons you!
Blork the orc casts a spell.
Blork the orc flickers and vanishes!
Deactivating autopickup; reactivate with Ctrl-A.
You take 8 damage, and have 20/41 hp.
Okay, then.
You feel sick.
You take 2 damage, and have 18/41 hp.
You feel sick.
The water moccasin bites you but does no damage.
You take 1 damage, and have 17/41 hp.
You feel sick.
You take 1 damage, and have 16/41 hp.
You feel sick.
You take 1 damage, and have 15/41 hp.
The water moccasin barely misses you.
You feel sick. The water moccasin bites you.
* * * LOW HITPOINT WARNING * * *
You take 3 damage, and have 13/41 hp.
You feel sick. The water moccasin closely misses you.
You take 1 damage, and have 12/41 hp.
You feel better. The water moccasin misses you.
You regained 6 hp, and now have 18/41 hp.
Evoke which item? (* to show all) (? for menu, Esc to quit)
Aiming: Random Effects
Press: ? - help, Shift-Dir - straight line, f - water moccasin
Aim: a water moccasin The fireball explodes!
The fireball engulfs the water moccasin.
The water moccasin is severely wounded.
The fireball engulfs something.
The fireball engulfs the wight.
The wight is severely damaged.
The fireball engulfs you!
* * * LOW HITPOINT WARNING * * *
The water moccasin bites you.
* * * LOW HITPOINT WARNING * * *
You take 5 damage, and have 13/41 hp.
Evoke which item? (* to show all) (? for menu, Esc to quit)
Aiming: Random Effects
Press: ? - help, Shift-Dir - straight line, f/p - water moccasin
Aim: a water moccasin (severely wounded)
The mass of ice explodes!
The iceblast engulfs the water moccasin.
You kill the water moccasin!
Kikubaaqudgha accepts your kill.
Your life force feels restored.
Your Stealth skill increases to level 3!
Your Invocations skill increases to level 2!
You have reached level 6!
Your experience leads to an increase in your attributes!
Increase (S)trength, (I)ntelligence, or (D)exterity?
You feel clever.
The iceblast engulfs something.
Kikubaaqudgha accepts your kill.
Reactivating autopickup.
Your Long Blades skill increases to level 2!
Your Axes skill increases to level 2!
Your Maces & Flails skill increases to level 2!
Your Polearms skill increases to level 2!
Your Staves skill increases to level 2!
Your Slings skill increases to level 2!
Your Bows skill increases to level 2!
Your Crossbows skill increases to level 2!
Your Throwing skill increases to level 2!
Your Armour skill increases to level 2!
Your Dodging skill increases to level 5!
Your Shields skill increases to level 2!
Your Unarmed Combat skill increases to level 2!
Your Spellcasting skill increases to level 2!
You feel a bit more experienced.
The iceblast engulfs the wight.
The wight partially resists.
You destroy the wight!
Kikubaaqudgha accepts your kill. The iceblast engulfs you!
You partially resist.
You die...
Kikubaaqudgha rasps: "You have failed me!
Welcome... death!"

#.)...._......########
#...##...##.#).......#
#..[###.###.######...#
#...###.###.#..# #...#
#...........#..# #....
#....)..#####..# ###.#
#.#.##..# #'### ###..
####...##.#####.# ##....
#...#.).@.....#.# #..###
#...#.)######.#.####.##.#
#...#(.######.#.##...#...
#...#..##...#.>....####'#
#...#(.##.#.#..#..##.#...
#...'.....{...##..#..'...
###...'###.##...##..##.#...
#..........##..###...####'#
#........####...##.....#...


There were no monsters in sight!

Vanquished Creatures
  A water moccasin (D:3)
  Blork the orc (D:3)
  A wight (D:3)
  An orc wizard (D:3)
  A gnoll (D:1)
  4 adders (D:3)
  A worm (D:2)
  4 dart slugs
  3 leopard geckos
  10 orcs (D:3)
  A ball python (D:2)
  5 bats
  3 giant cockroaches
  16 goblins
  16 hobgoblins
  4 jackals (D:2)
  11 kobolds
  3 quokkas (D:3)
  4 frilled lizards
  9 rats
99 creatures vanquished.

Notes
Turn   | Place    | Note
-------+----------+-------------------------------------------
     0 | D:1      | Monsterracer the Gnoll Artificer began the quest for the
                  | Orb.
     0 | D:1      | Reached XP level 1. HP: 17/17 MP: 4/4
   267 | D:1      | Reached XP level 2. HP: 22/23 MP: 6/6
   433 | D:1      | Reached XP level 3. HP: 28/28 MP: 7/7
   917 | D:1      | Reached skill level 1 in Invocations
  1423 | D:2      | Reached skill level 1 in Long Blades
  1423 | D:2      | Reached skill level 1 in Axes
  1423 | D:2      | Reached skill level 1 in Maces & Flails
  1423 | D:2      | Reached skill level 1 in Polearms
  1423 | D:2      | Reached skill level 1 in Staves
  1423 | D:2      | Reached skill level 1 in Slings
  1423 | D:2      | Reached skill level 1 in Bows
  1423 | D:2      | Reached skill level 1 in Crossbows
  1423 | D:2      | Reached skill level 1 in Throwing
  1423 | D:2      | Reached skill level 1 in Armour
  1423 | D:2      | Reached skill level 1 in Shields
  1423 | D:2      | Reached skill level 1 in Unarmed Combat
  1423 | D:2      | Reached skill level 1 in Spellcasting
  1441 | D:2      | Reached XP level 4. HP: 23/34 MP: 8/8
  1540 | D:2      | Found a shadowy altar of Dithmenos.
  1544 | D:2      | Found a blossoming altar of Fedhas.
  1545 | D:2      | Found a glowing silver altar of Zin.
  1545 | D:2      | Found a snail-covered altar of Cheibriados.
  1547 | D:2      | Found an ancient bone altar of Kikubaaqudgha.
  1549 | D:2      | Found a basalt altar of Yredelemnul.
  1549 | D:2      | Found a deep blue altar of Sif Muna.
  1550 | D:2      | Found an iron altar of Okawaru.
  1560 | D:2      | Became a worshipper of Kikubaaqudgha
  1761 | D:2      | Found a white marble altar of Elyvilon.
  2166 | D:3      | Reached skill level 1 in Conjurations
  2166 | D:3      | Reached skill level 1 in Hexes
  2166 | D:3      | Reached skill level 1 in Charms
  2166 | D:3      | Reached skill level 1 in Summonings
  2166 | D:3      | Reached skill level 1 in Necromancy
  2166 | D:3      | Reached skill level 1 in Translocations
  2166 | D:3      | Reached skill level 1 in Transmutations
  2166 | D:3      | Reached skill level 1 in Fire Magic
  2166 | D:3      | Reached skill level 1 in Ice Magic
  2166 | D:3      | Reached skill level 1 in Air Magic
  2166 | D:3      | Reached skill level 1 in Earth Magic
  2166 | D:3      | Reached skill level 1 in Poison Magic
  2179 | D:3      | Found a bloodstained altar of Trog.
  2308 | D:3      | Reached * piety under Kikubaaqudgha
  2308 | D:3      | Identified Kikubaaqudgha's Reference Book on Evil Rituals
                  | (Kikubaaqudgha gifted it to you on level 3 of the Dungeon)
  2308 | D:3      | Received a gift from Kikubaaqudgha
  2432 | D:3      | Learned a level 1 spell: Pain
  2577 | D:3      | Reached XP level 5. HP: 27/40 MP: 2/9
  2948 | D:3      | Reached ** piety under Kikubaaqudgha
  2960 | D:3      | Learned a level 3 spell: Regeneration
  3415 | D:4      | Noticed Blork the orc
  3415 | D:4      | Noticed a water moccasin
  3429 | D:3      | HP: 20/41 [water moccasin (8)]
  3435 | D:3      | HP: 15/41 [poisoned by a water moccasin]
  3439 | D:3      | Killed a water moccasin
  3439 | D:3      | Reached XP level 6. HP: 15/47 MP: 11/11
  3439 | D:3      | Killed Blork the orc
  3439 | D:3      | Reached skill level 5 in Dodging
  3439 | D:3      | Killed themself with a badly aimed iceblast

Skill      XL: |  1  2  3  4  5  6 |
---------------+-------------------+-----
Invocations    | 1 2 |  2.3
Long Blades    | 1 2 |  2.1
Axes           | 1 2 |  2.1
Maces & Flails | 1 2 |  2.1
Polearms       | 1 2 |  2.1
Staves         | 1 2 |  2.1
Slings         | 1 2 |  2.1
Bows           | 1 2 |  2.1
Crossbows      | 1 2 |  2.1
Throwing       | 1 2 |  2.1
Armour         | 1 2 |  2.1
Shields        | 1 2 |  2.1
Unarmed Combat | 1 2 |  2.1
Spellcasting   | 1 2 |  2.1
Conjurations   | 1 |  1.7
Hexes          | 1 |  1.7
Charms         | 1 |  1.7
Summonings     | 1 |  1.7
Necromancy     | 1 |  1.7
Translocations | 1 |  1.7
Transmutations | 1 |  1.7
Fire Magic     | 1 |  1.7
Ice Magic      | 1 |  1.7
Air Magic      | 1 |  1.7
Earth Magic    | 1 |  1.7
Poison Magic   | 1 |  1.7
Fighting       | 3 |  3.3
Short Blades   | 3 |  3.3
Stealth        | 3 |  3.2
Dodging        | 5 |  5.0
Evocations     | |  6.9

Action                   |  1- 3 |  4- 6 || total
-------------------------+-------+-------++-------
Melee: Short sword       |    27 |       ||    27
       Flail             |    59 |   183 ||   242
       Bite              |     5 |     7 ||    12
       Punch             |       |     1 ||     1
 Cast: Pain              |       |    10 ||    10
Evoke: Wand              |     1 |     1 ||     2
  Use: Scroll            |       |    11 ||    11
       Potion            |       |     1 ||     1
 Stab: Sleeping          |     4 |     3 ||     7
  Eat: Chunk             |     2 |     7 ||     9
Armor: Leather armour    |    13 |     2 ||    15
       Ring mail         |       |    70 ||    70
Dodge: Dodged            |    72 |   163 ||   235

Vault maps used:
D:1:      dpeg_arrival_orchard, serial_co_window_serial, co_window_paths_a,
          co_window_paths_b, co_window_corner_a, co_window_of_opportunity_a,
          co_window_paths_b, co_window_paths_a, co_window_corner_ca,
          co_window_corner_ca, co_window_broadway_b, co_window_cross_4,
          co_window_broadway_c, co_window_unsneaky_path_e, co_window_paths_d,
          nrook_uturn, minivault_25
D:2:      elyvilon_altar_5, grunt_temple_overflow_open
D:3:      cheibrodos_greedy_goblins, nicolae_overflow_crystal_walls
D:4:      first_ration, uniq_robin, uniq_blork_the_orc
